 Dungeon Crawl Stone Soup version 0.29.1-15-g9cfb28693d (webtiles) character file.

Game seed: 2253118290426655513

1348 Peloso the Slasher (level 8, -6/70 HPs)
             Began as a Minotaur Fighter on Feb 26, 2023.
             Shot with an arrow by a centaur (11 damage)
             ... on level 5 of the Dungeon.
             The game lasted 00:15:44 (6333 turns).

Peloso the Slasher (Minotaur Fighter)               Turns: 6333, Time: 00:15:44

Health: -6/70      AC: 11    Str: 21    XL:     8   Next: 36%
Magic:  2/2        EV:  7    Int:  5    God:
Gold:   395        SH:  9    Dex: 12    Spells: 7/7 levels left

rFire   . . .      SeeInvis .   a - +2 falchion (antimagic)
rCold   . . .      Faith    .   d - +0 kite shield
rNeg    . . .      Spirit   .   q - +0 chain mail
rPois   .          Reflect  .   (helmet restricted)
rElec   .          Harm     .   g - +0 cloak
rCorr   .          Rampage  .   (no gloves)
Will    .....                   (no boots)
Stlth   ..........              (no amulet)
HPRegen 0.21/turn               (no ring)
MPRegen 0.08/turn               (no ring)

@: no status effects
A: horns 2, retaliatory headbutt
a: no special abilities


You were on level 5 of the Dungeon.
You visited 1 branch of the dungeon, and saw 5 of its levels.
You also visited: Sewer.

You collected 395 gold pieces.

Inventory:

Hand Weapons
 a - a +2 antimagic falchion (weapon)
 b - the +5 war axe of Fohac {holy, rC+ Dex+4 Stlth+}
   (You found it on level 4 of the Dungeon)

   It has been blessed by the Shining One to cause great damage to the undead
   and demons.
   Dex:       It affects your dexterity (+4).
   rC:        It protects you from cold.
   Stlth:     It makes you more stealthy.
Missiles
 r - 2 throwing nets (quivered)
Armour
 d - a +0 kite shield (worn)
 g - a +0 cloak (worn)
 q - a +0 chain mail (worn)
Magical Staves
 c - a staff of fire
Jewellery
 e - a +6 ring of intelligence
Wands
 o - a wand of flame (19)
Scrolls
 j - 2 scrolls of fog
 k - 2 scrolls of fear
 l - 4 scrolls of blinking
 m - a scroll of poison
 p - 2 scrolls of noise {unknown}
 s - a scroll of teleportation {unknown}
 t - 2 scrolls of identify
Potions
 f - 2 potions of curing
 h - 2 potions of might
 i - 2 potions of cancellation
 n - 2 potions of ambrosia {unknown}


   Skills:
 + Level 5.8 Fighting
 + Level 7.6 Long Blades
 + Level 7.1 Armour
 + Level 3.1 Dodging
 + Level 0.8 Stealth
 + Level 5.9 Shields


You had 7 spell levels left.
You didn't know any spells.
Your spell library contained the following spells:

 Spells                   Type           Power      Damage    Failure   Level
 Magic Dart               Conj           0%         1d3       100%        1
 Call Imp                 Summ           0%         N/A       100%        2
 Mephitic Cloud           Conj/Pois/Air  0%         N/A       100%        3
 Borgnjor's Revivificati  Necr           0%         N/A       100%        8
 Necromutation            Tmut/Necr      0%         N/A       100%        8
 Death's Door             Necr           0%         N/A       100%        9


Dungeon Overview and Level Annotations

Branches:
Dungeon (5/15)              Sewer (visited)
 Temple: D:4-7

Altars:
Ru
Yredelemnul
The Shining One

Shops:
D:3 ?


Innate Abilities, Weirdness & Mutations

You have a pair of horns on your head.
You reflexively headbutt those who attack you in melee.


Message History

The centaur shoots an arrow.
The arrow hits you!
The centaur hits you but does no damage.
The centaur kicks you but does no damage.
The centaur shoots an arrow.
The arrow closely misses you.
You slash the centaur!
The centaur is heavily wounded.
The centaur hits you but does no damage.
The centaur kicks you but does no damage.
The centaur shoots an arrow.
The arrow closely misses you.
The centaur shoots an arrow.
You block the arrow.
The centaur hits you but does no damage.
You block the centaur's attack.
You hit the centaur but do no damage.
The centaur is heavily wounded.
The centaur hits you but does no damage.
You block the centaur's attack.
The centaur shoots an arrow.
The arrow barely misses you.
You barely miss the centaur.
The centaur is heavily wounded.
You block the centaur's attack. The centaur barely misses you.
The centaur shoots an arrow.
The arrow hits you!
* * * LOW HITPOINT WARNING * * *
The centaur closely misses you. You furiously retaliate!
You headbutt the centaur, but do no damage.
The centaur kicks you.
* * * LOW HITPOINT WARNING * * *
The centaur shoots an arrow.
You block the arrow.
You hit the centaur.
The centaur is severely wounded.
The centaur hits you.
* * * LOW HITPOINT WARNING * * *
The centaur barely misses you.
The centaur shoots an arrow.
The arrow hits you!
* * * LOW HITPOINT WARNING * * *
Unknown command.
You barely miss the centaur.
The centaur is severely wounded.
You block the centaur's attack.
The centaur kicks you but does no damage.
The centaur shoots an arrow.
The arrow hits you!
You die...

####### ###########
#.....# ..........
....#.#
.........####.#.#.#
.........+.#..#.#.##
........c#c#..#....#
......?@.'....#.#..#
.........###....#..#####
.........# #.##.#.......
.........# #....#.#####.
#######+## ######.#...#.
. #.#.#.#. #.#...#...
#.#...#### #....##


You could see 2 centaurs.

Vanquished Creatures
  Menkaure (D:5)
  An ice beast (D:5)
  A kobold brigand (D:4)
  2 bullfrogs (Sewer)
  A necrophage (D:4)
  2 howler monkeys (D:4)
  6 hounds
  A jelly (D:4)
  An orc priest (D:3)
  An iguana (D:4)
  Natasha (twice) (D:4)
  2 orc wizards (D:4)
  17 gnolls (D:4)
  12 adders
  A white imp (D:5)
  2 worms
  26 orcs
  8 endoplasms
  7 giant cockroaches
  6 goblins
  8 hobgoblins
  15 jackals
  10 kobolds
  6 quokkas
  7 ball pythons
  6 bats
  8 frilled lizards
  5 rats
165 creatures vanquished.

Vanquished Creatures (others)
  A fungus (D:4)
1 creature vanquished.

Grand Total: 166 creatures vanquished

Notes
Turn   | Place    | Note
-------+----------+-------------------------------------------
     0 | D:1      | Peloso the Minotaur Fighter began the quest for the Orb.
     0 | D:1      | Reached XP level 1. HP: 19/19 MP: 0/0
   254 | D:1      | Reached XP level 2. HP: 21/27 MP: 1/1
   778 | D:1      | Reached XP level 3. HP: 25/33 MP: 2/2
   972 | D:1      | Found a faded altar of an unknown god.
  1462 | D:2      | Reached skill level 1 in Dodging
  1891 | D:3      | Reached XP level 4. HP: 31/40 MP: 3/3
  1904 | D:3      | HP: 2/40 [orc priest/+0 dagger (2)]
  2591 | D:3      | Found a faded altar of an unknown god.
  2595 | D:3      | Found a sacrificial altar of Ru.
  2697 | D:3      | Found a basalt altar of Yredelemnul.
  2709 | D:3      | Found Voniy's Magic Scroll Emporium.
  3323 | D:4      | Found a glowing golden altar of the Shining One.
  3327 | D:4      | Reached XP level 5. HP: 47/47 MP: 4/4
  3375 | D:4      | Reached skill level 5 in Armour
  3604 | D:4      | Found a glowing drain.
  3613 | Sewer    | Entered a sewer
  3723 | Sewer    | Reached XP level 6. HP: 40/53 MP: 5/5
  3968 | Sewer    | Reached skill level 5 in Long Blades
  4612 | D:4      | Reached XP level 7. HP: 53/60 MP: 6/6
  4882 | D:4      | Reached skill level 5 in Fighting
  5167 | D:4      | Identified the +5 war axe of Fohac {holy, rC+ Dex+4 Stlth+}
  5444 | D:4      | Reached skill level 5 in Shields
  5583 | D:4      | Noticed Natasha
  5589 | D:4      | Killed Natasha
  5703 | D:4      | Reached XP level 8. HP: 68/69 MP: 2/7
  5847 | D:4      | Noticed Natasha
  5854 | D:4      | Killed Natasha
  6000 | D:5      | Entered Level 5 of the Dungeon
  6188 | D:5      | Noticed Menkaure
  6196 | D:5      | Killed Menkaure
  6333 | D:5      | Shot with an arrow by a centaur

Illustrated notes

Levels and vault maps discovered:
D:1:      lemuel_arrival_cross, layout_basic,
          hellmonk_ecumenical_altar_inner_sanctum, minmay_misc_feat_chi,
          serial_bayou_pond_c, hangedman_decor_riveting
D:2:      layout_rooms, nicolae_concentric_dashed_squares_wild
D:3:      layout_basic, nicolae_overflow_ecumenical_swirl,
          amcnicky_altar_gilded, serial_shops, nicolae_shop_hallway_plus,
          ebering_dispersal_statue_hall, minmay_strange_pillars,
          minmay_misc_feat_rugged
D:4:      lemuel_castle_with_subvaults [lemuel_castle_interior_carwin_2],
          layout_basic, mainiacjoe_overflow_surrounded_room,
          portal_sewer_entry_d, uniq_natasha
D:5:      layout_basic, kennysheep_generic_room_12, uniq_menkaure

Skill      XL: |  1  2  3  4  5  6  7  8 |
---------------+-------------------------+-----
Fighting       | 4 5 |  5.8
Armour         | 4 5 6 7 |  7.1
Shields        | 4 5 |  5.9
Long Blades    | 3 4 5 6 7 |  7.6
Dodging        | 1 2 3 |  3.1
Stealth        | |  0.8

Action                   |  1- 3 |  4- 6 |  7- 9 || total
-------------------------+-------+-------+-------++-------
Melee: Long sword        |    93 |   169 |    44 ||   306
       Headbutt          |    12 |    29 |    34 ||    75
       Falchion          |       |       |   148 ||   148
  Use: Potion            |     2 |     1 |       ||     3
       Scroll            |     1 |     4 |       ||     5
Armor: Scale mail        |    43 |       |       ||    43
       Chain mail        |     4 |   107 |   134 ||   245
       Skin              |       |     3 |       ||     3
Dodge: Dodged            |    35 |    84 |    92 ||   211
Block: Buckler           |    24 |    57 |    58 ||   139
       Kite shield       |       |       |    23 ||    23
